 Dungeon Crawl Stone Soup version 0.23.2-11-gf996548c65 (webtiles) character file.

Game seed: 9910544562477061301

1843 Kobolds4U the Carver (level 8, 0/63 HPs)
             Began as a Red Draconian Berserker on June 3, 2019.
             Was a Priest of Trog.
             Slain by an orc warrior
             ... wielding a +0 hand axe
              (9 damage)
             ... on level 7 of the Dungeon.
             The game lasted 00:13:44 (6210 turns).

Kobolds4U the Carver (Red Draconian Berserker)      Turns: 6210, Time: 00:13:45

Health: 0/63       AC:  9    Str: 19    XL:     8   Next: 88%
Magic:  10/10      EV: 14    Int:  9    God:    Trog [***...]
Gold:   410        SH:  0    Dex: 12    Spells: 7/7 levels left

rFire    + . .     SeeInvis +   a - +3 long sword
rCold    . . .     Gourm    .   (no shield)
rNeg     . . .     Faith    .   (armour unavailable)
rPois    .         Spirit   .   (helmet restricted)
rElec    .         Reflect  .   E - +2 cloak
rCorr    .         Harm     .   (no gloves)
MR       ++...                  (no boots)
Stlth    +.........             (no amulet)
HPRegen  1.20/turn              d - ring of flight
MPRegen  0.12/turn              j - ring of see invisible

@: short of breath, regenerating, lightly drained
A: breathe fire, unfitting armour, fire resistance 1, cold-blooded, AC +6
a: Breathe Fire, Berserk, Trog's Hand, Renounce Religion, Evoke Flight


You were on level 7 of the Dungeon.
You worshipped Trog.
Trog was most pleased with you.
You were hungry.

You visited 2 branches of the dungeon, and saw 8 of its levels.

You collected 410 gold pieces.

Inventory:

Hand Weapons
 a - a +3 long sword (weapon)
 b - a +0 arbalest
 h - a +0 shortbow
 r - a +0 great sword
Missiles
 i - 100 arrows
 q - 122 bolts
 y - 4 tomahawks (quivered)
Armour
 E - a +2 cloak (worn)
Jewellery
 d - a ring of flight (left hand)
 j - a ring of see invisible (right hand)
 s - an uncursed ring of magical power
 w - an uncursed ring of magical power
Wands
 A - a wand of flame (18)
 C - a wand of iceblast (11)
Scrolls
 e - a scroll of fog {unknown}
 f - 3 scrolls of blinking
 g - a scroll of noise {unknown}
 l - 5 scrolls of teleportation
 n - a scroll of amnesia {unknown}
 p - 2 scrolls of enchant armour
 u - 2 scrolls of remove curse
 G - 3 scrolls of enchant weapon {unknown}
Potions
 c - a potion of invisibility {unknown}
 k - 2 potions of cancellation
 m - a potion of berserk rage {unknown}
 o - a potion of mutation {unknown}
 t - a potion of might {unknown}
 v - 2 potions of curing
 x - a potion of flight {unknown}
 z - a potion of lignification {unknown}
 B - 3 potions of degeneration {unknown}
 H - a potion of ambrosia {unknown}
 J - a potion of agility {unknown}
Comestibles
 D - 9 rations
 I - 3 chunks of flesh


   Skills:
 - Level 3.2 Fighting
 * Level 10.3(10.2) Long Blades
 - Level 5.0(4.9) Dodging
 + Level 3.3(3.2) Evocations


You had 7 spell levels left.
You didn't know any spells.
Your spell library was empty.

Dungeon Overview and Level Annotations

Branches:
Dungeon (7/15)             Temple (1/1) D:4

Altars:
Ashenzari
Cheibriados
Dithmenos
Elyvilon
Fedhas
Gozag
Hepliaklqana
Kikubaaqudgha
Makhleb
Nemelex Xobeh
Okawaru
Qazlal
Ru
Sif Muna
Uskayaw
Vehumet
Wu Jian
Xom
Yredelemnul
Zin
The Shining One


Innate Abilities, Weirdness & Mutations

You can breathe blasts of fire.
Your fiery red scales are hard. (AC +6)
You cannot fit into any form of body armour.
Your flesh is heat resistant. (rF+)
You are cold-blooded and may be slowed by cold attacks.


Message History

Your skin crawls.
You feel resistant to hostile enchantments.
You feel quite a bit more hungry. The orc warrior completely misses you.
A wight comes into view.
It is wielding a +3 short sword of freezing.
Press: ? - help, Shift-Dir - straight line, f - wight
Aim: a wight, wielding a +3 short sword of freezing and wearing a +0 robe You breathe a blast of fire.
The fiery breath misses the orc warrior.
The fiery breath misses the wight.
You are feeling hungry.
The wight is engulfed in blazing flames.
The orc warrior hits you with a +0 hand axe!
* * * LOW HITPOINT WARNING * * *
Okay, then.
Okay, then.
Your skin crawls.
You feel resistant to hostile enchantments.
You feel somewhat more hungry.
The orc warrior hits you with a +0 hand axe!
You die...

.......... ..... #....
.......#.. .......##.)#
........)..#..........##
...........#...........##
........................# ###
.......[................####..##
.........................#.....#
..÷.........#.................##
.......#.#.##...@.=).).........#
..#........###...o............##
..###..###..#....z....##.....##
.#####.###...............#...#
.. #.........###.......#..#.##
#...........## ##..##☼##o##..##
............# ##...o.#.#....#
.............# #................
####.........##......#...#....##


You could see an orc warrior, a wight and an orc.

Vanquished Creatures
  A hippogriff (D:7)
  Sigmund (D:2)
  A sky beast (D:5)
  A phantom (D:6)
  An ogre (D:5)
  A centaur (D:6)
  A bullfrog (D:6)
  Blork the orc (D:4)
  3 scorpions
  A wyvern skeleton (D:5)
  A howler monkey (D:5)
  2 wights (D:7)
  A crimson imp (D:7)
  4 hounds
  3 jellies
  2 orc wizards
  Crazy Yiuf (D:6)
  2 iguanas
  An orc priest (D:5)
  2 worker ants
  A hound skeleton (D:5)
  12 adders
  3 shadow imps
  2 oozes
  2 adder skeletons
  7 worms
  A dart slug (D:1)
  7 leopard geckos
  7 orcs
  A ball python (D:3)
  4 giant cockroaches
  6 goblins
  6 hobgoblins
  8 jackals
  3 quokkas
  4 bats
  A frilled lizard (D:3)
  5 kobolds
  A quokka skeleton (D:4)
  A quokka zombie (D:5)
  10 rats
123 creatures vanquished.

Notes
Turn   | Place    | Note
-------+----------+-------------------------------------------
     0 | D:1      | Kobolds4U the Draconian Berserker began the quest for the
                  | Orb.
     0 | D:1      | Reached XP level 1. HP: 19/19 MP: 1/1
   237 | D:1      | Reached XP level 2. HP: 26/26 MP: 2/2
   627 | D:1      | Reached skill level 4 in Long Blades
   878 | D:2      | Reached XP level 3. HP: 23/31 MP: 3/3
   887 | D:2      | Found a shadowy altar of Dithmenos.
  1060 | D:2      | Found a faded altar of an unknown god.
  1068 | D:2      | Reached skill level 5 in Long Blades
  1068 | D:2      | Reached XP level 4. HP: 29/38 MP: 4/4
  1276 | D:2      | Reached ** piety under Trog
  1696 | D:2      | Noticed Sigmund
  1705 | D:2      | Killed Sigmund
  1705 | D:2      | Reached skill level 6 in Long Blades
  1705 | D:2      | Reached XP level 5. HP: 45/45 MP: 5/5
  1971 | D:2      | Reached XP level 6. HP: 51/51 MP: 6/6
  2187 | D:3      | Found a blossoming altar of Fedhas.
  2275 | D:3      | Reached skill level 7 in Long Blades
  2683 | D:4      | Found a staircase to the Ecumenical Temple.
  2703 | Temple   | Entered the Ecumenical Temple
  2987 | D:4      | Noticed Blork the orc
  3673 | D:4      | Killed Blork the orc
  3802 | D:5      | Entered Level 5 of the Dungeon
  3823 | D:5      | Your scales start taking on a fiery red colour.
  3823 | D:5      | Reached XP level 7. HP: 38/57 MP: 7/7
  3823 | D:5      | Gained mutation: Your flesh is heat resistant. (rF+) [Red
                  | Draconian growth]
  4019 | D:5      | Reached skill level 8 in Long Blades
  4204 | D:5      | Found a shimmering altar of Xom.
  4338 | D:5      | Found an iron altar of Okawaru.
  4438 | D:5      | Found a white marble altar of Elyvilon.
  4438 | D:5      | Found a glowing silver altar of Zin.
  4439 | D:5      | Found a glowing golden altar of the Shining One.
  4972 | D:6      | Reached skill level 9 in Long Blades
  4992 | D:6      | Reached XP level 8. HP: 63/63 MP: 8/8
  5072 | D:6      | Reached *** piety under Trog
  5105 | D:6      | Found a hide-covered altar of Uskayaw.
  5284 | D:6      | Reached skill level 1 in Evocations
  5362 | D:6      | Found a runed translucent door.
  5363 | D:6      | Noticed Crazy Yiuf
  5574 | D:6      | Killed Crazy Yiuf
  5722 | D:7      | Reached skill level 5 in Dodging
  5930 | D:7      | Noticed a hippogriff
  5940 | D:7      | Killed a hippogriff
  5940 | D:7      | Reached skill level 10 in Long Blades
  6210 | D:7      | Slain by an orc warrior

Skill      XL: |  1  2  3  4  5  6  7  8 |
---------------+-------------------------+-----
Long Blades    | 4 5 6 7 9 10 | 10.3
Dodging        | 3 4 5 |  5.0
Evocations     | 3 |  3.3
Fighting       | |  3.2

Action                   |  1- 3 |  4- 6 |  7- 9 || total
-------------------------+-------+-------+-------++-------
Melee: Falchion          |    71 |   141 |       ||   212
       Tailslap          |    11 |    23 |    21 ||    55
       Great sword       |       |    32 |   137 ||   169
       Long sword        |       |       |    13 ||    13
Invok: Berserk           |       |     3 |       ||     3
       Trog's Hand       |       |     2 |     2 ||     4
 Abil: Breathe Fire      |       |       |     1 ||     1
  Use: Scroll            |       |       |     7 ||     7
 Stab: Sleeping          |       |     2 |       ||     2
  Eat: Chunk             |     1 |    11 |     9 ||    21
Armor: Skin              |    19 |    49 |    49 ||   117
Dodge: Dodged            |    33 |   135 |   131 ||   299
       Rpst.: Falchion   |    10 |    37 |       ||    47
       Great sword       |       |     9 |    34 ||    43
       Long sword        |       |       |     2 ||     2
